 Dungeon Crawl Stone Soup version 0.30-a0-652-gcc886f7154 (webtiles) character file.

Game seed: 6696164671898710721

82798 Dirtsage the Alchemist (level 15, -8/163 HPs)
             Began as an Octopode Transmuter on Jan 17, 2023.
             Was the Champion of the Shining One.
             Mangled by a boulder beetle (42 damage)
             ... on level 15 of the Dungeon.
             The game lasted 01:09:32 (21437 turns).

Dirtsage the Alchemist (Octopode Transmuter)       Turns: 21437, Time: 01:09:33

Health: -8/163     AC: 20    Str: 24    XL:     15   Next: 74%
Magic:  21/26      EV: 11    Int: 21    God:    the Shining One [******]
Gold:   4083       SH:  0    Dex: 18    Spells: 10/29 levels left

rFire   + + .      SeeInvis .      - Unarmed
rCold   . . .      Faith    .    (shield currently unavailable)
rNeg    + + +      Spirit   .    (helmet currently unavailable)
rPois   +          Reflect  .    E - amulet of regeneration
rElec   +          Harm     .    W - ring of wizardry
rCorr   .          Rampage  .    I - ring of protection from cold
Will    +....                    y - +4 ring of protection
Stlth   +                        N - ring of positive energy
HPRegen 1.27/turn                p - ring "Xoxa" {Ice rElec Str+4 Dex+4}
MPRegen 0.20/turn                O - ring of fire
                                 (no ring)
                                 (no ring)

@: dragon-form, wereblooded, flying, glowing, studying Fighting
A: dragon claw, dragon scales, breathe fire, flying, boosted hp, almost no
armour, amphibious, 8 rings, giant, (camouflage 1), (gelatinous body 1), (nimble
swimmer 1), (tentacles)
a: Breathe Fire, End Transformation, Renounce Religion, Divine Shield, Cleansing
Flame, Summon Divine Warrior, Brand Weapon With Holy Wrath


You were on level 15 of the Dungeon.
You worshipped the Shining One.
The Shining One was exalted by your worship.
You were a fearsome dragon!
You visited 4 branches of the dungeon, and saw 23 of its levels.
You visited the Abyss 1 time.
You also visited: Volcano.

You collected 4229 gold pieces.
You spent 146 gold pieces at shops.

Inventory:

Missiles
 c - 12 atropa-tipped darts
 C - 2 curare-tipped darts
Magical Staves
 U - a staff of air
Jewellery
 p - the ring "Xoxa" (on tentacle) {Ice rElec Str+4 Dex+4}
   (You found it on level 2 of the Dungeon)

   [ring of ice]

   It enhances your ice magic.
   Str:       It affects your strength (+4).
   Dex:       It affects your dexterity (+4).
   rF:        It makes you vulnerable to fire.
   rC:        It protects you from cold.
   rElec:     It insulates you from electricity.
 y - a +4 ring of protection (on tentacle)
 E - an amulet of regeneration (around neck)
 I - a ring of protection from cold (right foreclaw)
 N - a ring of positive energy (on tentacle)
 O - a ring of fire (on tentacle)
 R - an amulet of magic regeneration
 W - a ring of wizardry (left foreclaw)
Wands
 b - a wand of iceblast (5)
 z - a wand of polymorph (9)
 A - a wand of flame (34)
 D - a wand of digging (10)
 P - a wand of paralysis (7)
 Q - a wand of acid (6)
Scrolls
 a - 2 scrolls of fog
 g - 5 scrolls of fear
 i - 3 scrolls of identify
 j - 2 scrolls of silence
 m - 7 scrolls of amnesia
 o - 5 scrolls of poison
 r - 3 scrolls of magic mapping
 t - 8 scrolls of teleportation
 u - 2 scrolls of enchant weapon
 w - 6 scrolls of immolation
 x - 4 scrolls of enchant armour
 B - 3 scrolls of blinking
 K - 2 scrolls of noise
 L - a scroll of brand weapon {unknown}
 M - a scroll of vulnerability {unknown}
Potions
 d - 3 potions of might
 e - 6 potions of flight
 f - 3 potions of berserk rage
 h - 5 potions of haste
 k - 2 potions of attraction {unknown}
 l - 4 potions of heal wounds
 n - a potion of resistance
 q - 9 potions of curing
 s - 3 potions of magic
 v - 5 potions of mutation
 G - 6 potions of lignification
 H - a potion of cancellation {unknown}
 J - a potion of ambrosia
 S - a potion of brilliance {unknown}
 T - 2 potions of degeneration {unknown}
Miscellaneous
 F - a tin of tremorstones (2/2)


   Skills:
 + Level 12.5 Fighting
 + Level 7.3 Dodging
 * Level 10.9 Unarmed Combat
 - Level 7.5 Spellcasting
 - Level 2.4 Translocations
 - Level 15.0 Transmutations
 - Level 6.6 Ice Magic
 - Level 12.0 Earth Magic
 + Level 9.6 Invocations


You had 10 spell levels left.
You knew the following spells:

 Your Spells              Type           Power      Damage    Failure   Level
a - Ice Form              Ice/Tmut       68%        N/A       1%          4
b - Wereblood             Tmut           63%        N/A       1%          2
c - Dragon Form           Tmut           31%        N/A       6%          7
e - Petrify               Tmut/Erth      59%        N/A       1%          4
f - Lesser Beckoning      Tloc           36%        N/A       1%          2

Your spell library contained the following spells:

 Spells                   Type           Power      Damage    Failure   Level
 Beastly Appendage        Tmut           100%       N/A       0%          1
 Sandblast                Erth           100%       2d20      1%          1
 Blink                    Tloc           36%        N/A       1%          2
 Spider Form              Tmut/Pois      39%        N/A       1%          3
 Stone Arrow              Conj/Erth      66%        3d11      1%          3
 Statue Form              Tmut/Erth      39%        N/A       1%          6
 Foxfire                  Conj/Fire      44%        2x1d6     3%          1
 Slow                     Hex            28%        N/A       3%          1
 Momentum Strike          Conj/Tloc      24%        3d8       3%          2
 Confusing Touch          Hex            7%         N/A       11%         3
 Vampiric Draining        Necr           7%         2d6       11%         3
 Metabolic Englaciation   Hex/Ice        16%        N/A       24%         5
 Cause Fear               Hex            3%         N/A       32%         4
 Iron Shot                Conj/Erth      16%        9d4       38%         6
 Fireball                 Conj/Fire      5%         3d5       65%         5
 Starburst                Conj/Fire      5%         6d4       99%         6
 Dragon's Call            Summ           3%         N/A       100%        9
 Shatter                  Erth           27%        3d23*     100%        9
 Animate Armour           Summ/Erth      Unusable   N/A       N/A         4

Dungeon Overview and Level Annotations

Branches:
Dungeon (15/15)            Temple (1/1) D:7            Lair (5/5) D:11
  Swamp (0/4) Lair:2        Snake (0/4) Lair:3        Slime (0/5) Lair:4
    Orc (2/2) D:11            Elf (0/3) Orc:2        Vaults (0/5) D:14
Volcano (visited)
 Depths: D:15

Altars:
Ashenzari
Cheibriados
Dithmenos
Elyvilon
Fedhas
Hepliaklqana
Kikubaaqudgha
Makhleb
Nemelex Xobeh
Okawaru
Ru
Sif Muna
Trog
Uskayaw
Vehumet
Wu Jian
Xom
Yredelemnul
Zin
The Shining One

Shops:
D:10 (   Orc:2 *([*

Annotations:
D:3 1 runed translucent door, Crazy Yiuf


Innate Abilities, Weirdness & Mutations

You are a fearsome dragon!
You have a powerful clawing attack.
Your giant scaled body is strong and resiliant, but less evasive.
You can breathe fire.
You are flying.
Your maximum health is greatly increased.
Your armour is entirely melded.
You are incapable of wielding weapons or throwing items.
You cannot wear most types of armour.
You are amphibious.
You can wear up to eight rings at the same time.
((Your skin changes colour to match your surroundings (Stealth+).))
((Your rubbery body absorbs attacks. (AC +1, EV +1)))
((You are camouflaged when in or above water. (Stealth+)))
((You have tentacles for arms and can constrict up to eight enemies at once.))


Message History

The centaur warrior is almost dead.
You hear a horrible gurgling sound!
The centaur warrior hits you but does no damage.
The centaur warrior kicks you.
The white ugly thing basks in the mutagenic energy from its kin and changes!
The white ugly thing barely misses you.
You take 2 damage, and have 73/163 hp.
You maul the centaur warrior!!!
You feel a bit better.
You kill the centaur warrior!
A white ugly thing comes into view.
The white ugly thing engulfs you. The white ugly thing freezes you!
You take 17 damage, and have 56/163 hp.
You bite the white ugly thing!! You bite the white ugly thing!
The white ugly thing is severely wounded.
The white ugly thing engulfs you. The white ugly thing freezes you!!
* * * LOW HITPOINT WARNING * * *
You take 36 damage, and have 20/163 hp.
MASSIVE DAMAGE!!
Blink to where?
Press: ? - help, Dir - move target
As you read the scroll of blinking, it crumbles to dust.
As you read the scroll of teleportation, it crumbles to dust.
You feel strangely unstable.
You regained 2 hp, and now have 24/163 hp.
You roar as the wereblood boils in your veins!
You roar as the wereblood boils in your veins!
Your surroundings suddenly seem different.
A boulder beetle and a harpy come into view.
The harpy screeches!
The harpy changes into a basilisk!
The boulder beetle curls into a ball and begins rolling!
You regained 2 hp, and now have 29/163 hp.
You hit the basilisk. You tail-slap the basilisk.
The basilisk is lightly wounded.
The basilisk closely misses you.
You maul the basilisk!!!
You feel a bit better.
You kill the basilisk!
You roar as the wereblood boils in your veins!
You regained 3 hp, and now have 33/163 hp.
The boulder beetle hits you!!!
You die...

####
#...#.#.
...#
#...#...
...# ..
#...#.#.
...# ...
#...#...
...#
...######
#...y)#.
...# ......#
###..$u...
...#
####....#
.........#y
...#
........#
..........)
...#
......BD#
#.........#.
...#
...°°○..+
#####...##..
#####
#+##....#
.....#.#.
#...#
........#
......#...
#...#
........#
......# #.
'...#
........#
###.. ##
#...#
........#
#...#
........#
#...#
........#


You could see a boulder beetle (rolling).

Vanquished Creatures
  Rupert (D:13)
  Jorgrun (D:14)
  Gastronok (D:12)
  Roxanne (D:14)
  An orc warlord (Orc:2)
  Snorg (D:12)
  Josephine (D:15)
  The ghost of Acizoryo the Nimble, a journeyman DgEE (D:12)
  5 hydras
  A vault guard (D:14)
  An ogre mage (D:15)
  2 centaur warriors
  7 boulder beetles
  A catoblepas (Lair:2)
  Erica (D:10)
  7 two-headed ogres
  4 death yaks (Lair:5)
  An orc high priest (Orc:2)
  Amaemon (Lair:1)
  A large abomination (Abyss:3)
  A sixfirhy (Abyss:3)
  7 slime creatures
  3 lindwurms
  An obsidian statue (D:15)
  A wizard (D:14)
  A deep elf pyromancer (D:14)
  2 oklob plants
  5 manticores
  6 cyclopes
  4 orc sorcerers (Orc:2)
  2 ugly things
  12 elephants
  A toenail golem (Volcano)
  A salamander (Lair:3)
  An ice statue (D:9)
  Joseph (D:7)
  3 black mambas
  3 molten gargoyles (Volcano)
  A rust devil (Abyss:3)
  An orange demon (Lair:1)
  An apocalypse crab (Abyss:3)
  A torpor snail (Lair:2)
  16 cane toads
  2 rime drakes
  An unseen horror (D:11)
  2 freezing wraiths
  3 efreet (Volcano)
  9 komodo dragons
  3 tyrant leeches (Lair:5)
  2 trolls
  An ancient zyme (Abyss:3)
  A wolf spider simulacrum (D:13)
  A meliai (D:15)
  A hornet (D:9)
  6 dream sheep (Lair:5)
  18 blink frogs
  2 shadows
  5 wraiths
  A vampire (D:10)
  24 yaks
  2 ynoxinuls
  A spriggan (Lair:4)
  7 basilisks
  3 fire elementals (Volcano)
  3 wyverns
  2 basilisks (shapeshifter)
  A steam dragon (D:10)
  15 vampire mosquitoes
  2 wargs (Orc:2)
  14 water moccasins
  An acid dragon (D:10)
  Duvessa (D:7)
  25 orc warriors
  2 ice beasts
  2 black bears (D:11)
  A sky beast (D:6)
  10 ogres
  9 wolves (Lair:3)
  3 phantoms
  15 centaurs
  3 kobold brigands
  2 earth elementals (Volcano)
  12 bullfrogs
  2 gnoll sergeants
  4 scorpions
  20 wights
  Dowan (D:7)
  The ghost of tsouns the Ducker, a weakling GnMo (D:3)
  4 howler monkeys
  2 electric eels (Lair:5)
  2 lava snakes (Lair:3)
  A hound (D:6)
  9 jellies
  17 orc priests
  A gnoll bouda (D:9)
  An iron imp (D:5)
  3 iguanas
  21 orc wizards
  19 gnolls
  7 adders
  2 shadow imps
  6 white imps
  An ufetubus (D:5)
  3 worms
  A dart slug (D:4)
  68 orcs
  7 ball pythons
  23 endoplasms
  8 giant cockroaches
  4 goblins
  7 hobgoblins
  4 jackals (D:1)
  25 kobolds
  4 quokkas
  A bat (D:2)
  A frilled lizard (D:3)
  2 rats (D:1)
  A fire vortex (Volcano)
616 creatures vanquished.

Vanquished Creatures (others)
  An ugly thing (D:9)
  A basilisk (D:9)
  A hog (shapeshifter) (D:9)
  An orc (D:9)
  A fire vortex (Volcano)
  28 fungi
  93 plants
126 creatures vanquished.

Grand Total: 742 creatures vanquished

Notes
Turn   | Place    | Note
-------+----------+-------------------------------------------
     0 | D:1      | Dirtsage the Octopode Transmuter began the quest for the
                  | Orb.
     0 | D:1      | Reached XP level 1. HP: 13/13 MP: 3/3
   219 | D:1      | Reached skill level 1 in Ice Magic
   219 | D:1      | Reached XP level 2. HP: 18/18 MP: 3/5
   624 | D:1      | Learned a level 2 spell: Wereblood
   844 | D:1      | Found a faded altar of an unknown god.
  1053 | D:2      | Reached XP level 3. HP: 15/23 MP: 2/6
  1182 | D:2      | Found a white marble altar of Elyvilon.
  1188 | D:2      | Became a worshipper of Elyvilon the Healer
  1200 | D:2      | Reached skill level 3 in Transmutations
  1549 | D:2      | Reached XP level 4. HP: 23/28 MP: 5/7
  1562 | D:2      | Learned a level 4 spell: Ice Form
  1590 | D:2      | Identified the ring "Xoxa" {Ice rElec Str+4 Dex+4}
  1734 | D:3      | Found a runed translucent door.
  1759 | D:3      | Noticed tsouns's ghost (weakling GnMo)
  1817 | D:3      | Killed tsouns's ghost
  1818 | D:3      | Reached XP level 5. HP: 33/33 MP: 3/8
  1961 | D:3      | Reached * piety under Elyvilon
  2024 | D:3      | Found a hazy altar of Hepliaklqana.
  2256 | D:3      | Reached skill level 4 in Transmutations
  2382 | D:3      | Found a runed translucent door.
  2383 | D:3      | Noticed Crazy Yiuf
  2799 | D:4      | Identified a scroll of acquirement
  2803 | D:4      | Acquired a book of Sloth
  2822 | D:4      | Reached XP level 6. HP: 38/38 MP: 5/9
  2884 | D:4      | Reached skill level 1 in Earth Magic
  3034 | D:4      | Reached skill level 5 in Transmutations
  3040 | D:4      | Reached XP level 7. HP: 34/43 MP: 4/10
  3348 | D:4      | Reached ** piety under Elyvilon
  3618 | D:5      | Entered Level 5 of the Dungeon
  3739 | D:5      | Reached skill level 5 in Ice Magic
  4069 | D:5      | Reached skill level 6 in Transmutations
  4242 | D:5      | Noticed a wraith
  4261 | D:5      | Killed a wraith
  4262 | D:5      | Reached XP level 8. HP: 42/48 MP: 11/11
  4277 | D:5      | Elyvilon protects you from harm!
  4278 | D:5      | Elyvilon protects you from harm!
  4281 | D:5      | HP: 1/57 [phantom (5)]
  4588 | D:5      | Found a snail-covered altar of Cheibriados.
  4599 | D:5      | Reached skill level 7 in Transmutations
  4957 | D:6      | Reached XP level 9. HP: 53/53 MP: 8/12
  4967 | D:6      | Reached skill level 5 in Earth Magic
  5060 | D:6      | Reached *** piety under Elyvilon
  5587 | D:7      | Noticed Joseph
  5590 | D:7      | Noticed Dowan
  5591 | D:7      | Noticed Duvessa
  5604 | D:7      | Killed Duvessa
  5605 | D:7      | Reached skill level 8 in Transmutations
  5673 | D:7      | Found a staircase to the Ecumenical Temple.
  5677 | Temple   | Entered the Ecumenical Temple
  5736 | Temple   | Fell from the grace of Elyvilon
  5736 | Temple   | Became a worshipper of the Shining One
  5736 | Temple   | Reached * piety under the Shining One
  5882 | D:7      | Killed Dowan
  6037 | D:7      | Killed Joseph
  6163 | D:7      | Found a burning altar of Makhleb.
  6549 | D:8      | Reached XP level 10. HP: 58/58 MP: 9/13
  6814 | D:8      | Learned a level 6 spell: Statue Form
  6828 | D:8      | Found a white marble altar of Elyvilon.
  6829 | D:8      | Found a blossoming altar of Fedhas.
  6831 | D:8      | Found a shimmering blue altar of Sif Muna.
  7158 | D:9      | Reached skill level 9 in Transmutations
  7296 | D:9      | Identified the +3 leather armour "Nulegae" {rPois Will+
                  | Int+2 Slay-2}
  7297 | D:9      | Noticed a white ugly thing
  7297 | D:9      | Noticed a centaur warrior
  7297 | D:9      | Noticed a cyan ugly thing
  7297 | D:9      | Noticed a tengu warrior
  7297 | D:9      | Noticed a cyclops
  7298 | D:9      | Reached ** piety under the Shining One
  7299 | D:9      | Noticed a cyclops
  7503 | D:9      | Noticed an ice statue
  7503 | D:9      | Killed a cyan ugly thing
  7533 | D:9      | Killed an ice statue
  7534 | D:9      | Reached skill level 1 in Invocations
  8094 | D:9      | Noticed a two-headed ogre
  8101 | D:9      | Killed a two-headed ogre
  8235 | D:9      | Reached *** piety under the Shining One
  8543 | D:10     | Entered Level 10 of the Dungeon
  8591 | D:10     | Found Epaoje's Weapon Boutique.
  8642 | D:10     | Got the Commentary on the Quarry
  8685 | D:10     | Reached skill level 10 in Transmutations
  8688 | D:10     | Reached XP level 11. HP: 69/69 MP: 7/14
  8690 | D:10     | Reached skill level 10 in Earth Magic
  8798 | D:10     | Noticed Erica
  8807 | D:10     | Killed Erica
  8926 | D:10     | Reached skill level 5 in Fighting
  9446 | D:11     | Noticed a green ugly thing
  9448 | D:11     | Noticed a manticore
  9452 | D:11     | Killed a green ugly thing
  9484 | D:11     | Killed a manticore
  9593 | D:11     | Noticed a two-headed ogre
  9598 | D:11     | Reached skill level 5 in Unarmed Combat
  9603 | D:11     | Killed a two-headed ogre
  9780 | D:11     | Found a staircase to the Orcish Mines.
  9956 | D:11     | Found a staircase to the Lair.
 10118 | D:11     | Noticed a two-headed ogre
 10126 | D:11     | Reached skill level 11 in Transmutations
 10130 | D:11     | Killed a two-headed ogre
 10158 | D:11     | Reached **** piety under the Shining One
 10233 | Lair:1   | Entered Level 1 of the Lair of Beasts
 10379 | Lair:1   | Reached XP level 12. HP: 49/80 MP: 10/15
 10422 | Lair:1   | Reached skill level 5 in Invocations
 10553 | Lair:1   | Noticed Amaemon
 10560 | Lair:1   | Killed Amaemon
 10809 | Lair:1   | Noticed a boulder beetle
 10824 | Lair:1   | Killed a boulder beetle
 11298 | Lair:2   | Noticed a catoblepas
 11311 | Lair:2   | Killed a catoblepas
 11414 | Lair:2   | Identified the +7 chain mail of Hospitality {rC+}
 11483 | Lair:2   | Found a staircase to the Swamp.
 11527 | Lair:2   | Reached skill level 12 in Transmutations
 12278 | Lair:2   | Learned a level 4 spell: Petrify
 12420 | Lair:3   | Reached XP level 13. HP: 89/89 MP: 9/18
 13113 | Lair:3   | Found a staircase to the Snake Pit.
 13424 | Lair:3   | Learned a level 2 spell: Lesser Beckoning
 13677 | Lair:4   | Found a staircase to the Slime Pits.
 14137 | Lair:5   | Entered Level 5 of the Lair of Beasts
 14166 | Lair:5   | Reached ***** piety under the Shining One
 14177 | Lair:5   | Reached skill level 1 in Translocations
 14343 | Lair:5   | Reached skill level 10 in Fighting
 14427 | Lair:5   | Found the +9 staff of Wucad Mu {*channel}
 14539 | Lair:5   | Learned a level 7 spell: Dragon Form
 14709 | Lair:5   | Reached skill level 5 in Spellcasting
 14730 | Lair:5   | Reached skill level 13 in Transmutations
 14901 | Lair:5   | Reached XP level 14. HP: 99/99 MP: 19/22
 15166 | Lair:5   | Reached skill level 14 in Transmutations
 15498 | Lair:5   | Acquired 1239 gold pieces
 15786 | Orc:1    | Entered Level 1 of the Orcish Mines
 16129 | Orc:1    | Reached skill level 5 in Dodging
 16365 | Orc:2    | Entered Level 2 of the Orcish Mines
 16551 | Orc:2    | Found Yreafoz's General Store.
 16571 | Orc:2    | Bought a wand of paralysis (4) for 96 gold pieces
 16571 | Orc:2    | Bought a scroll of identify for 20 gold pieces
 16571 | Orc:2    | Bought a scroll of teleportation for 30 gold pieces
 16614 | Orc:2    | Found a dark tunnel.
 16668 | Volcano  | Entered a volcano
 16963 | Orc:2    | Found a staircase to the Elven Halls.
 17529 | Orc:2    | Paralysed by an orc sorcerer for 3 turns
 17536 | Orc:2    | Noticed an orc warlord
 17624 | Orc:2    | Reached ****** piety under the Shining One
 17642 | Orc:2    | Killed an orc warlord
 17688 | Orc:2    | Found Cugetav's Antique Weapon Shop.
 17723 | Orc:2    | Found Nenuc's Antique Armour Boutique.
 17878 | Orc:2    | Found Vipni's General Store.
 18158 | D:12     | Noticed Snorg
 18160 | D:12     | Noticed Gastronok
 18163 | D:12     | Killed Snorg
 18175 | D:12     | Killed Gastronok
 18263 | D:12     | Noticed Acizoryo's ghost (journeyman DgEE)
 18272 | D:12     | Found a runed translucent door.
 18290 | D:12     | Killed Acizoryo's ghost
 18313 | D:12     | Got the Excursus on Quicksand
 18585 | D:12     | Reached XP level 15. HP: 107/107 MP: 17/25
 18600 | D:12     | Reached skill level 15 in Transmutations
 19112 | D:13     | Noticed Rupert
 19124 | D:13     | Killed Rupert
 19388 | D:13     | Found a blossoming altar of Fedhas.
 19391 | D:13     | Found a shimmering blue altar of Sif Muna.
 19391 | D:13     | Found a hide-covered altar of Uskayaw.
 19394 | D:13     | Found a basalt altar of Yredelemnul.
 19394 | D:13     | Found a shimmering altar of Xom.
 19394 | D:13     | Found a snail-covered altar of Cheibriados.
 19736 | D:14     | Found a blossoming altar of Fedhas.
 19834 | D:14     | Reached skill level 10 in Unarmed Combat
 19855 | D:14     | Found a gate to the Vaults.
 20171 | D:14     | Identified Roxanne's Commentary on Clay
 20171 | D:14     | Noticed Roxanne
 20185 | D:14     | Killed Roxanne
 20379 | Abyss:3  | Cast into level 3 of the Abyss (a wizard)
 20556 | D:14     | Escaped the Abyss
 20755 | D:15     | Entered Level 15 of the Dungeon
 20755 | D:15     | Noticed Jorgrun
 20784 | D:14     | Killed Jorgrun
 20907 | D:15     | Noticed Josephine
 20913 | D:15     | Killed Josephine
 21437 | D:15     | Mangled by a boulder beetle

Illustrated notes

Levels and vault maps discovered:
D:1:      minmay_arrival_split_and_join, layout_basic,
          shapermc_ecumenical_altar_ellora, minmay_misc_feat_ornament
D:2:      layout_basic, basic_altar
D:3:      layout_rooms, mainiacjoe_overflow_24_doors,
          ebering_ghost_reflecting_pool, uniq_crazy_yiuf_cottage
D:4:      layout_rooms, chequers_serial_rivers_small_b
D:5:      layout_loops_cross, slow_altar_2, minmay_splitting_lines,
          minmay_manual_monstrance
D:6:      layout_basic
D:7:      layout_rooms, marbit_many_paths, minmay_temple_entry_grid,
          uniq_duvessa, uniq_joseph
D:8:      layout_gridville, minitemple
D:9:      lemuel_ice_statue, layout_loops_corners, eino_curves_01, minivault_12
D:10:     layout_long_grid, serial_shops, nicolae_shop_bloodbath_and_beyond,
          nicolae_concentric_dashed_squares_wild, uniq_erica
D:11:     layout_big_octagon, david_lair_generic, orc_0_dummy
D:12:     layout_cave_pools, hellmonk_ghost_big_iron, uniq_gastronok, uniq_snorg
D:13:     layout_loops_ring, doesnt_xom_only_xom, uniq_rupert
D:14:     layout_irregular_city, david_vaults_5, fedhas_altar_2, uniq_roxanne
D:15:     grunt_enter_depths_snipers, layout_grid_maze, serial_shops, shop,
          serial_park_tiny_2, st_stairs_11, minmay_statue_bubble,
          uniq_josephine, uniq_jorgrun
Temple:   nicolae_temple_superstar
Lair:1:   layout_regular_city, minmay_holes, uniq_amaemon
Lair:2:   layout_cave_shapes, swamp_mist, st_stairs_4, serial_bayou_pond_e,
          chequers_serial_rivers_large_b
Lair:3:   lemuel_slime, layout_small_grid, nicolae_snake_entry_warm_welcome
Lair:4:   layout_cave_shapes, slime_entry_1, nicolae_quartered_pool_super,
          wad_woods_03
Lair:5:   minmay_lair_end_frog_pond, layout_long_grid, serial_bayou_shore_b
Orc:1:    layout_caves, mines3_lemuel
Orc:2:    grunt_orc_community_town_hall, layout_caves,
          grunt_orc_community_big_house_1, grunt_orc_community_big_house_1,
          grunt_orc_community_house_1, grunt_orc_community_house_1,
          grunt_orc_community_house_2, grunt_orc_community_house_2,
          grunt_orc_community_house_2, grunt_orc_community_house_2,
          lightli_volcano_entry_magma_tube

Skill      XL: |  1  2  3  4  5  6  7  8  9 10 11 12 13 14 15 |
---------------+----------------------------------------------+-----
Ice Magic      | 1 2 3 4 5 6 |  6.6
Transmutations | 3 4 5 6 7 8 10 11 12 13 14 15 | 15.0
Earth Magic    | 1 3 4 8 9 11 12 | 12.0
Fighting       | 4 6 8 10 11 12 | 12.5
Invocations    | 3 4 6 7 8 9 |  9.6
Unarmed Combat | 4 5 6 7 9 10 | 10.9
Spellcasting   | 3 5 7 |  7.5
Dodging        | 3 4 6 7 |  7.3
Translocations | 2 |  2.4

Action                   |  1- 3 |  4- 6 |  7- 9 | 10-12 | 13-15 || total
-------------------------+-------+-------+-------+-------+-------++-------
Melee: Unarmed           |    78 |    68 |   261 |   439 |   698 ||  1544
       Kick              |    21 |     5 |       |     3 |       ||    29
       Tentacles         |    17 |     6 |     2 |   125 |    88 ||   238
       Constrict         |    18 |     6 |     2 |    65 |    46 ||   137
       Punch             |     1 |     1 |     1 |    21 |    43 ||    67
       Tailslap          |       |       |       |       |    71 ||    71
       Bite              |       |       |       |       |    52 ||    52
 Cast: Beastly Appendage |    19 |     7 |       |     1 |       ||    27
       Wereblood         |     5 |     3 |     9 |    16 |    28 ||    61
       Ice Form          |       |     9 |    30 |     8 |       ||    47
       Statue Form       |       |       |       |    40 |    22 ||    62
       Petrify           |       |       |       |     1 |       ||     1
       Dragon Form       |       |       |       |       |    51 ||    51
Invok: Divine Shield     |       |       |     1 |       |     4 ||     5
       Summon Divine War |       |       |       |       |     1 ||     1
 Abil: Breathe Fire      |       |       |       |       |     5 ||     5
Evoke: Wand              |       |       |     2 |     3 |     1 ||     6
       Tin of tremorston |       |       |       |       |     1 ||     1
  Use: Scroll            |       |    12 |     6 |     6 |     7 ||    31
       Potion            |       |       |     2 |     1 |     2 ||     5
 Stab: Sleeping          |     2 |     4 |       |       |       ||     6
       Distracted        |       |       |     1 |       |       ||     1
Armor: Skin              |     5 |     7 |   121 |   361 |   413 ||   907
Dodge: Dodged            |    51 |    39 |   105 |   339 |   384 ||   918
Block: Other             |       |       |       |       |    11 ||    11

Table legend: (Time is in decaauts)
 A = Elapsed time spent in this place.
 B = Non-inter-level travel time spent in this place.
 C = Inter-level travel time spent in this place.
 D = Time resting spent in this place.
 E = Time spent auto-exploring this place.
 F = Levels seen in this place.
 G = Mean time per level.
                   A        B        C        D        E       F      G
               +--------+--------+--------+--------+--------+-----+--------+
         Total |  22652 |  21783 |    869 |    857 |  16442 |  25 |  906.1 |
       Dungeon |  13837 |  13346 |    491 |    634 |  10376 |  15 |  922.5 |
        Temple |     70 |     60 |     10 |      0 |     44 |   1 |   70.0 |
          Lair |   6448 |   6169 |    279 |    169 |   4657 |   5 | 1289.6 |
  Orcish Mines |   1865 |   1776 |     89 |     54 |   1185 |   2 |  932.5 |
         Abyss |    173 |    173 |      0 |      0 |     63 |   1 |  173.0 |
       Volcano |    257 |    257 |      0 |      0 |    117 |   1 |  257.0 |
               +--------+--------+--------+--------+--------+-----+--------+

Top non-repeatable levels by time:
  Lair:5: 1680 daAuts
     D:9: 1496 daAuts
  Lair:3: 1423 daAuts
   Orc:2: 1369 daAuts
  Lair:2: 1312 daAuts
  Lair:1: 1192 daAuts
     D:4: 1162 daAuts
    D:10: 1157 daAuts
     D:5: 1073 daAuts
     D:1: 1040 daAuts
    D:11: 997 daAuts
    D:14: 908 daAuts
    D:13: 907 daAuts
     D:3: 865 daAuts
  Lair:4: 839 daAuts
